 Dungeon Crawl Stone Soup version 0.27-a0-1312-g5cdb2b3542 (webtiles) character file.

Game seed: 6348915126036918451

5149 Delamore the Carver (level 10, -8/74 HPs)
             Began as a Formicid Fighter on June 19, 2021.
             Was an Initiate of Gozag.
             Mangled by an orc warrior (9 damage)
             ... in a bailey.
             The game lasted 00:08:54 (9421 turns).

Delamore the Carver (Formicid Fighter)              Turns: 9421, Time: 00:08:55

Health: -8/74      AC: 17    Str: 24    XL:     10   Next: 89%
Magic:  10/10      EV:  9    Int:  8    God:    Gozag
Gold:   485        SH: 10    Dex: 10    Spells: 9/9 levels left

rFire    + . .     SeeInvis +   t - +5 demon blade "Erphot" {flame, Fragile rF+ rCorr}
rCold    . . .     Faith    .   c - +1 kite shield
rNeg     . . .     Spirit   .   L - +0 plate armour
rPois    .         Reflect  .   (helmet unavailable)
rElec    .         Harm     .   e - +1 cloak
rCorr    +         Rampage  .   q - +2 pair of gloves
Will     +....                  g - +0 pair of boots
Stlth    ..........             (no amulet)
HPRegen  0.22/turn              f - ring of resist corrosion
MPRegen  0.12/turn              C - +4 ring of evasion

@: gold aura
A: permanent stasis, dig shafts and tunnels, antennae 3, four strong arms
a: Dig, Renounce Religion, Potion Petition, Call Merchant, Bribe Branch


You were in a bailey.
You worshipped Gozag.
Gozag was aware of your devotion.
You visited 2 branches of the dungeon, and saw 10 of its levels.
You also visited: Bailey.

You collected 614 gold pieces.
You paid 129 gold pieces to Gozag.

Inventory:

Hand Weapons
 t - the +5 demon blade "Erphot" (weapon) {flame, Fragile rF+ rCorr}
   (You acquired it on level 4 of the Dungeon)

   It has been specially enchanted to burn those struck by it, causing extra
   injury to most foes and up to half again as much damage against particularly
   susceptible opponents.
   Big, fiery blades are also staple armaments of hydra-hunters.
   It protects you from fire.
   It protects you from acid and corrosion.
   It will be destroyed if unequipped.
 I - a +3 halberd
Missiles
 n - 36 poisoned darts
 y - 3 silver boomerangs (quivered)
Armour
 c - a +1 kite shield (worn)
 e - a +1 cloak (worn)
 g - a +0 pair of boots (worn)
 q - a +2 pair of gloves (worn)
 L - a +0 plate armour (worn)
Jewellery
 f - a ring of resist corrosion (left hand)
 h - a ring of ice
 C - a +4 ring of evasion (right hand)
 D - a ring of willpower
 K - a ring of poison resistance
Wands
 j - a wand of flame (3)
 l - a wand of mindburst (9)
 v - a wand of digging (10)
 w - a wand of charming (2)
 A - a wand of polymorph (5)
 B - a wand of acid (14)
 J - a wand of paralysis (7)
Scrolls
 a - a scroll of identify
 i - 2 scrolls of fear
 m - 2 scrolls of brand weapon
 r - 2 scrolls of enchant weapon
 H - a scroll of enchant armour
Potions
 b - a potion of invisibility {unknown}
 d - 3 potions of might
 k - 2 potions of lignification
 o - a potion of brilliance
 p - 2 potions of haste
 s - 2 potions of berserk rage {unknown}
 u - 2 potions of heal wounds {unknown}
 x - a potion of resistance {unknown}
 G - a potion of curing


   Skills:
 - Level 5.0 Fighting
 * Level 12.6 Long Blades
 - Level 7.8 Polearms
 - Level 3.2 Armour
 - Level 3.6 Shields


You had 9 spell levels left.
You didn't know any spells.
Your spell library contained the following spells:

 Spells                   Type           Power      Damage    Failure   Level
 Shock                    Conj/Air       0%         1d3       100%        1
 Static Discharge         Conj/Air       0%         N/A       100%        2
 Airstrike                Air            0%         N/A       100%        4
 Lightning Bolt           Conj/Air       0%         1d11      100%        5
 Swiftness                Air            Unusable   N/A       N/A         3

Dungeon Overview and Level Annotations

Branches:
Dungeon (9/15)             Temple (1/1) D:4          Bailey (1/1)
   Lair: D:8-11         Orc: D:9-12

Altars:
Ashenzari
Cheibriados
Dithmenos
Elyvilon
Fedhas
Gozag
Hepliaklqana
Kikubaaqudgha
Makhleb
Nemelex Xobeh
Okawaru
Qazlal
Ru
Sif Muna
Trog
Uskayaw
Vehumet
Wu Jian
Xom
Yredelemnul
Zin
The Shining One

Shops:
D:6 (   D:9 :


Innate Abilities, Weirdness & Mutations

You cannot be hasted, slowed, berserked, paralysed or teleported.
You can dig through walls and to a lower floor.
You have a pair of large antennae on your head. (SInv)
Your four strong arms can wield two-handed weapons with a shield.


Message History

Your orc priest barely misses the orc warrior.
Your orc closely misses the orc warrior.
Your orc priest miscasts a cantrip.
Your orc priest dissolves into shadows!
Your orc closely misses the orc warrior.
You feel better.
The orc is no longer distracted by gold.
The orc is distracted by your dazzling golden aura.
The orc barely misses you.
You feel better. You block the orc's attack.
Your orc barely misses the orc warrior.
The orc warrior hits you from afar with a +0 halberd.
* * * LOW HITPOINT WARNING * * *
The orc is no longer distracted by gold.
The orc hits you but does no damage.
Your orc hits the orc warrior with a +0 mace.
The orc warrior hits you from afar with a +0 halberd!
* * * LOW HITPOINT WARNING * * *
You slice the orc!! You burn the orc.
You kill the orc!
Your orc barely misses the orc warrior.
Hit: t) +5 demon blade "Erphot" {flame, Fragile rF+ rCorr}
Press: ? - help, Dir - move target, f - you
Okay, then.
Aiming: Paralyse
Press: ? - help, Shift-Dir - straight line, f - orc warrior
Aim: an orc warrior, wielding a +0 halberd and wearing a +0 chain mail (moderately wounded, ally target, chance to affect: 46%)
The orc warrior resists with some effort.
The orc warrior hits you from afar with a +0 halberd!
* * * LOW HITPOINT WARNING * * *
Your orc hits the orc warrior but does no damage.
Okay, then.
Okay, then.
Aiming: Paralyse
Press: ? - help, Shift-Dir - straight line, f/p - orc warrior
Aim: an orc warrior, wielding a +0 halberd and wearing a +0 chain mail (moderately wounded, ally target, chance to affect: 46%)
The orc warrior resists with some effort.
The orc warrior hits you from afar with a +0 halberd!
You die...
Your body crumbles into a pile of gold.

##.....##
#.$.$...#
#$......#
#.)$))..#
#..)))))#
#.o.))..#
#...)...#
#..o....#
#@.o....#
#∩.....∩#
#.......#
##..∩..##
#######


You could see an orc warrior (ally target), an orc and a friendly orc
(summoned).

Vanquished Creatures
  Pikel (D:6)
  An orc knight (Bailey)
  Eustachio (D:4)
  5 yaks (D:7)
  3 steam dragons
  Duvessa (D:6)
  4 orc warriors
  A black bear (D:6)
  3 necrophages
  2 centaurs (D:7)
  An ogre (D:7)
  A phantom (D:7)
  A kobold brigand (D:3)
  3 scorpions
  3 bullfrogs
  2 gnoll sergeants
  A wyvern skeleton (D:7)
  Dowan (D:6)
  7 wights
  2 jellies
  A bullfrog zombie (D:4)
  Crazy Yiuf (D:2)
  5 hounds
  2 orc priests (D:5)
  A bullfrog skeleton (D:4)
  2 centaur skeletons (D:7)
  7 iguanas
  An orc wizard (D:5)
  2 howler monkey zombies
  Robin (D:2)
  8 gnolls
  3 adders
  2 white imps (D:6)
  An ufetubus (D:6)
  3 adder skeletons (D:4)
  4 worms
  4 dart slugs
  25 orcs
  8 ball pythons
  3 endoplasms
  3 giant cockroaches
  21 goblins
  6 hobgoblins
  7 jackals
  2 quokkas
  6 bats
  2 frilled lizards (D:3)
  5 kobolds
  4 rats
184 creatures vanquished.

Vanquished Creatures (collateral kills)
  An orc warrior (Bailey)
  7 orcs (Bailey)
8 creatures vanquished.

Vanquished Creatures (others)
  2 orc warriors (Bailey)
  An orc (Bailey)
3 creatures vanquished.

Grand Total: 195 creatures vanquished

Notes
Turn   | Place    | Note
-------+----------+-------------------------------------------
     0 | D:1      | Delamore the Formicid Fighter began the quest for the Orb.
     0 | D:1      | Reached XP level 1. HP: 18/18 MP: 1/1
   143 | D:1      | Reached XP level 2. HP: 24/24 MP: 2/2
   367 | D:1      | Found a faded altar of an unknown god.
   661 | D:2      | Reached XP level 3. HP: 29/30 MP: 3/3
  1296 | D:2      | Reached XP level 4. HP: 37/37 MP: 4/4
  1355 | D:2      | Found a runed translucent door.
  1356 | D:2      | Noticed Crazy Yiuf
  1585 | D:2      | Noticed Robin
  1614 | D:2      | Killed Robin
  1668 | D:2      | HP: 1/36 [Crazy Yiuf (2)]
  1670 | D:2      | Killed Crazy Yiuf
  1671 | D:2      | Reached XP level 5. HP: 2/42 MP: 5/5
  2100 | D:3      | Noticed a kobold brigand
  2110 | D:3      | Killed a kobold brigand
  2334 | D:3      | Reached XP level 6. HP: 44/49 MP: 6/6
  2845 | D:4      | Noticed Eustachio
  3226 | D:4      | Killed Eustachio
  3227 | D:4      | Reached skill level 5 in Fighting
  3227 | D:4      | Reached skill level 5 in Polearms
  3371 | D:4      | Reached XP level 7. HP: 56/56 MP: 7/7
  3423 | D:4      | Found a staircase to the Ecumenical Temple.
  3490 | Temple   | Entered the Ecumenical Temple
  3693 | D:4      | You fall into a shaft and drop 1 floor!
  3693 | D:5      | Entered Level 5 of the Dungeon
  4447 | D:4      | Reached XP level 8. HP: 60/62 MP: 8/8
  4693 | D:4      | Identified a scroll of acquirement
  4693 | D:4      | Acquired the +5 demon blade "Erphot" {flame, Fragile rF+
                  | rCorr}
  4795 | D:5      | Reached skill level 1 in Long Blades
  4943 | D:5      | Reached skill level 2 in Long Blades
  5455 | D:6      | Reached skill level 3 in Long Blades
  5530 | D:6      | Reached skill level 4 in Long Blades
  5610 | D:6      | Reached skill level 5 in Long Blades
  5909 | D:6      | Noticed Duvessa
  5909 | D:6      | Noticed Dowan
  5926 | D:6      | Killed Duvessa
  5929 | D:6      | Killed Dowan
  6068 | D:6      | Noticed Pikel
  6079 | D:6      | Killed Pikel
  6080 | D:6      | Reached skill level 7 in Long Blades
  6080 | D:6      | Reached XP level 9. HP: 49/68 MP: 9/9
  6277 | D:6      | Reached skill level 8 in Long Blades
  6322 | D:6      | Found Doegh's Weapon Shop.
  6787 | D:7      | Reached skill level 9 in Long Blades
  6822 | D:7      | Reached XP level 10. HP: 64/74 MP: 10/10
  6829 | D:7      | Reached skill level 10 in Long Blades
  7118 | D:7      | Reached skill level 11 in Long Blades
  8707 | D:9      | Found Hyoxoasu's Book Emporium.
  8761 | D:9      | Found an opulent altar of Gozag.
  8766 | D:9      | Became a worshipper of Gozag Ym Sagoz the Greedy
  8788 | D:9      | Reached skill level 12 in Long Blades
  8809 | D:9      | Found a flagged portal.
  8848 | Bailey   | Entered a bailey
  9349 | Bailey   | Noticed an orc knight
  9403 | Bailey   | Killed an orc knight
  9420 | Bailey   | HP: 1/74 [orc warrior (10)]
  9421 | Bailey   | Mangled by an orc warrior

Illustrated notes

Levels and vault maps discovered:
D:1:      lightli_arrival_maybe_door_vault, layout_loops_cross,
          ebering_ecumenical_altar_ruins, minivault_27
D:2:      layout_basic, minmay_pentomino_u2, uniq_crazy_yiuf_cottage, uniq_robin
D:3:      layout_loops_ring, grunt_ministairs_5
D:4:      layout_rooms, minmay_temple_entry_large_hall,
          chequers_serial_rivers_micro_a, kennysheep_generic_room_16,
          uniq_eustachio
D:5:      layout_loops_ring
D:6:      layout_gridville, serial_shops, kennysheep_mini_moat,
          nrook_pool_corridor, uniq_duvessa, uniq_pikel
D:7:      layout_loops_ring
D:8:      layout_basic
D:9:      layout_roguey, nicolae_overflow_hidden_temple, enter_bailey_3,
          kennysheep_windowed_goal
Temple:   minmay_crystal_snake_temple
Bailey:   bailey_polearm_5, bailey

Skill      XL: |  1  2  3  4  5  6  7  8  9 10 |
---------------+-------------------------------+-----
Polearms       | 3 4 6 7 |  7.8
Fighting       | 4 5 |  5.0
Long Blades    | 7 9 12 | 12.6
Armour         | |  3.2
Shields        | |  3.6

Action                   |  1- 3 |  4- 6 |  7- 9 | 10-12 || total
-------------------------+-------+-------+-------+-------++-------
Melee: Trident           |    70 |   152 |   290 |   106 ||   618
       Demon blade       |       |       |       |    93 ||    93
Throw: Dart              |       |     2 |       |       ||     2
       Boomerang         |       |       |       |     1 ||     1
 Abil: Dig               |       |     4 |     1 |     5 ||    10
Evoke: Wand              |       |       |       |    13 ||    13
  Use: Scroll            |     6 |     2 |     2 |     4 ||    14
       Potion            |       |     2 |     1 |     4 ||     7
Armor: Scale mail        |    18 |   114 |   105 |    30 ||   267
       Plate armour      |       |       |       |    46 ||    46
Dodge: Dodged            |    15 |    83 |    88 |   117 ||   303
Block: Kite shield       |    23 |   134 |   147 |   144 ||   448
       Rpst.: Demon blade |       |       |       |     6 ||     6

Table legend: (Time is in decaauts)
 A = Elapsed time spent in this place.
 B = Non-inter-level travel time spent in this place.
 C = Inter-level travel time spent in this place.
 D = Time resting spent in this place.
 E = Time spent auto-exploring this place.
 F = Levels seen in this place.
 G = Mean time per level.
                   A        B        C        D        E       F      G
               +--------+--------+--------+--------+--------+-----+--------+
         Total |   9519 |   9270 |    249 |   1780 |   5950 |  11 |  865.4 |
       Dungeon |   8753 |   8540 |    213 |   1618 |   5548 |   9 |  972.6 |
        Temple |    199 |    163 |     36 |      0 |    162 |   1 |  199.0 |
        Bailey |    566 |    566 |      0 |    162 |    240 |   1 |  566.0 |
               +--------+--------+--------+--------+--------+-----+--------+

Top non-repeatable levels by time:
     D:2: 1378 daAuts
     D:6: 1261 daAuts
     D:3: 1200 daAuts
     D:7: 1099 daAuts
     D:4: 1027 daAuts
     D:5: 1026 daAuts
     D:8: 973 daAuts
     D:1: 645 daAuts
  Bailey: 566 daAuts
  Temple: 199 daAuts
     D:9: 138 daAuts
